 Dungeon Crawl Stone Soup version 0.31.0-11-ge490571c62 (webtiles) character file.

Game seed: 4322651728148011970

387 qw the Ducker (level 6, -2/30 HPs)
             Began as a Spriggan Hunter on Feb 3, 2024.
             Incinerated by a bombardier beetle (3 damage)
             ... with a burning spray
             ... on level 4 of the Dungeon.
             The game lasted 00:00:09 (2121 turns).

qw the Ducker (Spriggan Hunter)                     Turns: 2121, Time: 00:00:09

Health: -2/30      AC:  4    Str:  7    XL:     6   Next: 49%
Magic:  7/7        EV: 27    Int: 11    God:
Gold:   56         SH:  5    Dex: 20    Spells: 5/5 levels left

rFire   . . .        a - +1 shortbow
rCold   . . .        (shield currently unavailable)
rNeg    . . .        b - +2 robe {Will+}
rPois   +            (helmet restricted)
rElec   .            (no cloak)
rCorr   .            (gloves unavailable)
SInv    +            (boots unavailable)
Will    ++...        d - amulet of reflection
Stlth   +            f - ring of poison resistance
HPRegen 0.25/turn    g - +5 ring of evasion
MPRegen 0.10/turn

%: reflection
@: on fire, glowing, very quick
A: very small, no large weapons, unfitting armour, see invisible, speed 3
a: no special abilities


You were on level 4 of the Dungeon.
You visited 1 branch of the dungeon, and saw 5 of its levels.

You collected 136 gold pieces.
You spent 80 gold pieces at shops.


Innate Abilities, Weirdness & Mutations

You are very small and have problems with some larger weapons.
You are too small for most types of armour.
You have supernaturally acute eyesight. (SInv)
You cover ground extremely quickly. (Speed+++)


   Skills:
 - Level 2.0 Fighting
 + Level 6.0 Ranged Weapons
 - Level 6.7 Dodging
 - Level 1.5 Stealth


You had 5 spell levels left.
You didn't know any spells.
Your spell library was empty.

Inventory:

Hand Weapons
 a - a +1 shortbow (weapon)
Armour
 b - a +2 robe of willpower (worn)
Jewellery
 d - an amulet of reflection (around neck)
 f - a ring of poison resistance (left hand)
 g - a +5 ring of evasion (right hand)
 h - a ring of willpower
Potions
 c - a potion of degeneration {unknown}
 e - a potion of brilliance {unknown}
 i - a potion of curing {unknown}
 j - 2 potions of might
 k - a potion of berserk rage {unknown}

Dungeon Overview and Level Annotations

Branches:
Dungeon (5/15)
 Temple: D:4-7

Altars:
Cheibriados
Trog

Shops:
D:3 !

Annotations:
D:3 1 transporter, qw's ghost, amateur DEHu


Message History

You see here an adder corpse.
You see here a +0 dagger.
k - a brown potion A bombardier beetle comes into view.
You shoot an arrow.
The arrow completely misses the bombardier beetle.
The bombardier beetle sprays incendiary fluid at you.
The burning spray misses you.
You shoot an arrow.
The arrow closely misses the bombardier beetle.
You shoot an arrow.
The arrow completely misses the bombardier beetle.
You shoot an arrow.
The arrow barely misses the bombardier beetle.
You shoot an arrow. The arrow hits the bombardier beetle.
The bombardier beetle is moderately wounded.
The bombardier beetle sprays incendiary fluid at you.
The burning spray hits you.
You are covered in liquid fire!
You shoot an arrow. The arrow hits the bombardier beetle!
You kill the bombardier beetle!
The liquid fire burns you!
Your Ranged Weapons skill increases to level 6!
You are on fire!
The liquid fire burns you!
You are on fire!
The liquid fire burns you!
You are on fire!
The liquid fire burns you!
You are on fire!
The liquid fire burns you!
You are on fire!
The liquid fire burns you!
You are on fire!
The liquid fire burns you!
You are on fire!
The liquid fire burns you!
You are on fire!
The liquid fire burns you!
You die...

#..# #.#####
#..# #.#
#.####..######.#
#...........)%.#
######..########
######..#
#.......#
#####.#####.#
.......@....#
#####.####### ..
##


There were no monsters in sight!

Vanquished Creatures
  Sigmund (D:2)
  A bombardier beetle (D:4)
  Jessica (D:3)
  Natasha (twice) (D:2)
  A gnoll (D:1)
  6 adders
  A ribbon worm (D:3)
  3 dart slugs
  An orc (D:3)
  3 endoplasms
  2 giant cockroaches (D:2)
  5 goblins
  3 hobgoblins
  2 jackals (D:1)
  5 kobolds (D:1)
  4 quokkas
  4 ball pythons
  6 bats
  3 frilled lizards
  6 rats
60 creatures vanquished.

Notes
Turn   | Place    | Note
-------+----------+-------------------------------------------
     0 | D:1      | qw the Spriggan Hunter began the quest for the Orb.
     0 | D:1      | Reached XP level 1. HP: 10/10 MP: 2/2
     0 | D:1      | 0 ||| qw: Version: 0.3-a-157-g843a77d
     0 | D:1      | 0 ||| qw: Game counter: 3624
     0 | D:1      | 0 ||| qw: Melee chars always use a shield: true
     0 | D:1      | 0 ||| qw: God list: Okawaru
     0 | D:1      | 0 ||| qw: Allow faded altars: false
     0 | D:1      | 0 ||| qw: Do Orc after clearing Dungeon:15 true
     0 | D:1      | 0 ||| qw: Do second Lair branch before Depths: true
     0 | D:1      | 0 ||| qw: Lair rune preference: random
     0 | D:1      | 0 ||| qw: Goals: Normal
     0 | D:1      | 0 ||| PLANNING D:1-11
    24 | D:1      | Reached skill level 3 in Dodging
    47 | D:1      | Reached XP level 2. HP: 14/14 MP: 3/3
   567 | D:1      | Reached XP level 3. HP: 18/18 MP: 4/4
   833 | D:1      | 833 ||| UPGRADING to amulet of reflection.
   838 | D:1      | 838 ||| UPGRADING to ring of poison resistance.
   839 | D:1      | 839 ||| UPGRADING to +5 ring of evasion.
   840 | D:1      | 840 ||| READING scroll labelled COXOPE BOEJYTH.
   840 | D:1      | 840 ||| IDENTIFYING fuming coppery potion
   841 | D:1      | 841 ||| READING scroll labelled GETATHR ME JOIMM.
   842 | D:1      | 842 ||| DROPPING scroll of butterflies.
   869 | D:2      | Noticed Natasha
   874 | D:2      | 874 ||| FLEEEEING.
   875 | D:2      | 875 ||| FLEEEEING.
   876 | D:2      | 876 ||| FLEEEEING.
   877 | D:2      | 877 ||| FLEEEEING.
   878 | D:2      | 878 ||| FLEEEEING.
   880 | D:2      | 880 ||| FLEEEEING.
   881 | D:2      | 881 ||| FLEEEEING.
   882 | D:2      | 882 ||| STAIRDANCE
   895 | D:1      | 895 ||| READING scroll labelled RETEXA FUN MUX.
   934 | D:2      | 934 ||| STAIRDANCE
   947 | D:2      | Killed Natasha
   948 | D:2      | Reached XP level 4. HP: 14/22 MP: 5/5
   987 | D:2      | Noticed Sigmund
   988 | D:2      | 988 ||| DRINKING potion of haste.
  1000 | D:2      | Killed Sigmund
  1001 | D:2      | Reached skill level 6 in Dodging
  1001 | D:2      | Reached XP level 5. HP: 21/25 MP: 6/6
  1001 | D:2      | 1001 ||| FLEEEEING.
  1002 | D:2      | 1002 ||| FLEEEEING.
  1003 | D:2      | 1003 ||| FLEEEEING.
  1006 | D:2      | 1006 ||| FLEEEEING.
  1007 | D:2      | 1007 ||| FLEEEEING.
  1008 | D:2      | 1008 ||| FLEEEEING.
  1009 | D:2      | 1009 ||| FLEEEEING.
  1083 | D:2      | 1083 ||| DROPPING +1 sling of flaming.
  1592 | D:2      | Noticed Natasha
  1597 | D:2      | Killed Natasha
  1598 | D:2      | Reached XP level 6. HP: 30/30 MP: 7/7
  1607 | D:2      | 1607 ||| UPGRADING to +2 robe of willpower.
  1617 | D:2      | 1617 ||| DROPPING +0 robe.
  1618 | D:2      | 1618 ||| READING scroll labelled OLAIBU IVVE.
  1618 | D:2      | 1618 ||| ENCHANTING +0 shortbow.
  1619 | D:2      | 1619 ||| READING scroll labelled FEYJUYWNAE.
  1707 | D:3      | Found a snail-covered altar of Cheibriados.
  1707 | D:3      | Found a bloodstained altar of Trog.
  1707 | D:3      | Noticed Jessica
  1711 | D:3      | Killed Jessica
  1738 | D:3      | Found Jaq Guhai's Distillery.
  1747 | D:3      | 1747 ||| BUYING 2 potions of might (80 gold).
  1747 | D:3      | Bought 2 potions of might for 80 gold pieces
  1747 | D:3      | 1747 ||| SHOPLISTING potion of curing (30 gold, have 21).
  1747 | D:3      | 1747 ||| SHOPLISTING potion of heal wounds (50 gold, have
                  | 21).
  1799 | D:3      | Found a transporter.
  1803 | D:3      | Noticed qw's ghost (amateur DEHu)
  2072 | D:3      | You fall into a shaft and drop 2 floors!
  2072 | D:5      | Entered Level 5 of the Dungeon
  2073 | D:5      | 2073 ||| READING scroll labelled UNARCH WEEFOTTO.
  2076 | D:5      | 2076 ||| FLEEEEING.
  2077 | D:5      | 2077 ||| FLEEEEING.
  2078 | D:5      | 2078 ||| STAIRDANCE
  2080 | D:4      | 2080 ||| PLANNING SEWER
  2114 | D:4      | Reached skill level 6 in Ranged Weapons
  2119 | D:4      | HP: 5/30 [burnt (3)]
  2120 | D:4      | HP: 1/30 [burnt (5)]
  2121 | D:4      | Incinerated by a bombardier beetle

Levels and vault maps discovered:
D:1:      dpeg_arrival_rooms_c, layout_basic, nicolae_titane
D:2:      layout_loops_ring, grunt_ministairs_9, st_stairs_2, uniq_sigmund,
          uniq_natasha
D:3:      layout_loops_ring, gammafunk_temple_overflow_claw,
          mainiacjoe_overflow_divided_tiny, gammafunk_ghost_mausoleum,
          serial_shops, shop, uniq_grinder, uniq_jessica
D:4:      layout_loops_ring, minmay_temple_entry_poolview,
          gup_sewer_entry_spiral, uniq_menkaure
D:5:      layout_rooms, mrwooster_statue_mirror, uniq_duvessa

Skill      XL: |  1  2  3  4  5  6 |
---------------+-------------------+-----
Dodging        | 4 6 |  6.7
Ranged Weapons | 5 6 |  6.0
Fighting       | 2 |  2.0
Stealth        | |  1.5

Action                     |  1- 3 |  4- 6 || total
---------------------------+-------+-------++-------
   Fire: Shortbow          |    77 |   115 ||   192
    Use: Scroll            |     3 |     3 ||     6
         Potion            |       |     1 ||     1
 Armour: Robe              |     8 |     9 ||    17
  Dodge: Dodged            |    33 |    23 ||    56
  Block: Other             |     3 |     6 ||     9

Table legend:
 A = Non-vault XP
 B = Vault XP
 C = Vault XP percentage of total XP
 D = Non-vault monster count
 E = Vault monster count
 F = Vault count percentage of total count
                 A         B        C        D         E       F
            +---------+---------+-------+---------+---------+-------
      Total |     257 |     296 |  53.5 |      53 |       7 |  11.7
            +---------+---------+-------+---------+---------+-------
        D:1 |      68 |       0 |   0.0 |      25 |       0 |   0.0
        D:2 |      85 |     259 |  75.3 |      16 |       6 |  27.3
        D:3 |      41 |      37 |  47.4 |       9 |       1 |  10.0
        D:4 |      63 |       0 |   0.0 |       3 |       0 |   0.0
            +---------+---------+-------+---------+---------+-------
